[ AOE2 MATCH · #505543434 ]
UnrankedTeutons vs Koreans
Player's team · WIN
Rival team · LOSS
[ REPLAY ANALYSIS · EXTRACTED FROM THE RECORDED GAME ]
Feudal
9:27
Castle
—
Imperial
—
| APM avg | 35.4 |
| APM peak | 77 |
| eAPM avg | 10.8 |
| Villagers / military | 34 / 0 |
Focus
⚔️ 21.6% · 🌾 78.4%
Feudal
11:53
Castle
—
Imperial
—
| APM avg | 21.0 |
| APM peak | 40 |
| eAPM avg | 10.2 |
| Villagers / military | 39 / 4 |
Focus
⚔️ 14.8% · 🌾 85.2%
Spearman ×2 · Archer ×2
Match map
Initial resources + every placement click. Lines = walls · curves = elevation contours. ◆ gold · ⬟ stone · ● berries · ✦ relic · ◌ wall gap
Your base· Open — 6t gap
ParatyBrasil's base· Open — 9t gap
Smoothed initial terrain · ◌ = detected wall gap · hover for details
Inputs per minute
— Mašinec - - ParatyBrasil
Build order — Mašinec
62 actions detected in the replay
| 0:00 | Queue | Villager (Male) |
| 0:02 | Build | House |
| 0:03 | Build | House |
| 0:06 | Queue | Villager (Male) |
| 0:06 | Queue | Villager (Male) |
| 0:35 | Queue | Villager (Male) |
| 1:45 | Queue | Villager (Male) |
| 2:16 | Queue | Villager (Male) |
| 2:43 | Queue | Villager (Male) |
| 3:01 | Queue | Villager (Male) |
| 3:16 | Queue | Villager (Male) |
| 3:30 | Queue | Villager (Male) |
| 4:00 | Queue | Villager (Male) |
| 4:14 | Queue | Villager (Male) |
| 4:30 | Build | House |
| 4:40 | Research | Loom |
| 4:41 | Queue | Villager (Male) |
| 4:55 | Queue | Villager (Male) |
| 5:16 | Queue | Villager (Male) |
| 5:36 | Build | Mining Camp |
| 6:07 | Queue | Villager (Male) |
| 6:32 | Queue | Villager (Male) |
| 6:40 | Queue | Villager (Male) |
| 6:45 | Build | Lumber Camp |
| 7:17 | Research | Feudal Age |
| 8:38 | Build | House |
| 9:04 | Queue | Villager (Male) |
| 9:27 | Age | Feudal Age |
| 9:43 | Build | Watch Tower |
| 9:45 | Queue | Villager (Male) |
| 10:35 | Build | Palisade Wall |
| 10:38 | Build | Palisade Wall |
| 10:42 | Build | Palisade Wall |
| 10:46 | Build | Palisade Wall |
| 10:50 | Build | Palisade Wall |
| 11:08 | Queue | Villager (Male) |
| 11:08 | Queue | Villager (Male) |
| 11:54 | Queue | Villager (Male) |
| 11:55 | Queue | Villager (Male) |
| 12:10 | Build | Watch Tower |
| 12:30 | Queue | Villager (Male) |
| 12:34 | Build | Blacksmith |
| 12:54 | Build | Mining Camp |
| 13:02 | Build | Watch Tower |
| 13:15 | Build | House |
| 13:36 | Build | Palisade Wall |
| 13:47 | Build | Watch Tower |
| 13:50 | Queue | Villager (Male) |
| 13:51 | Research | Fletching |
| 13:56 | Build | House |
| 14:09 | Queue | Villager (Male) |
| 14:30 | Queue | Villager (Male) |
| 15:07 | Queue | Villager (Male) |
| 15:07 | Queue | Villager (Male) |
| 15:10 | Build | Mining Camp |
| 15:35 | Queue | Villager (Male) |
| 16:06 | Build | Watch Tower |
| 16:39 | Build | Mill |
| 16:56 | Queue | Villager (Male) |
| 17:47 | Queue | Villager (Male) |
| 18:08 | Build | House |
| 18:10 | Queue | Villager (Male) |
Build order — ParatyBrasil
68 actions detected in the replay
| 0:01 | Queue | Villager (Male) |
| 0:01 | Queue | Villager (Male) |
| 0:01 | Queue | Villager (Male) |
| 0:02 | Queue | Villager (Male) |
| 0:02 | Queue | Villager (Male) |
| 0:05 | Build | House |
| 0:08 | Build | House |
| 0:50 | Build | House |
| 0:53 | Build | House |
| 1:28 | Queue | Villager (Male) |
| 1:58 | Queue | Villager (Male) |
| 1:58 | Queue | Villager (Male) |
| 2:24 | Queue | Villager (Male) |
| 2:24 | Queue | Villager (Male) |
| 3:03 | Queue | Villager (Male) |
| 3:03 | Queue | Villager (Male) |
| 3:19 | Queue | Villager (Male) |
| 3:20 | Queue | Villager (Male) |
| 3:20 | Queue | Villager (Male) |
| 3:38 | Queue | Villager (Male) |
| 3:38 | Queue | Villager (Male) |
| 4:10 | Build | Lumber Camp |
| 4:15 | Queue | Villager (Male) |
| 4:15 | Queue | Villager (Male) |
| 5:33 | Queue | Villager (Male) |
| 5:33 | Queue | Villager (Male) |
| 5:33 | Queue | Villager (Male) |
| 5:33 | Queue | Villager (Male) |
| 5:55 | Queue | Villager (Male) |
| 5:55 | Queue | Villager (Male) |
| 5:55 | Queue | Villager (Male) |
| 5:55 | Queue | Villager (Male) |
| 7:44 | Queue | Villager (Male) |
| 7:45 | Research | Loom |
| 8:24 | Build | Mill |
| 8:44 | Build | Mining Camp |
| 8:55 | Build | Barracks |
| 9:31 | Research | Feudal Age |
| 10:03 | Build | Mill |
| 11:30 | Build | Mining Camp |
| 11:53 | Age | Feudal Age |
| 12:01 | Queue | Villager (Male) |
| 12:01 | Queue | Villager (Male) |
| 12:02 | Queue | Villager (Male) |
| 12:02 | Queue | Villager (Male) |
| 12:23 | Build | Mill |
| 12:34 | Queue | Spearman |
| 12:34 | Queue | Spearman |
| 12:39 | Build | Archery Range |
| 12:47 | Build | Farm |
| 13:02 | Build | Farm |
| 13:05 | Build | Farm |
| 13:06 | Build | Farm |
| 13:08 | Build | Farm |
| 13:15 | Build | Farm |
| 13:45 | Build | Watch Tower |
| 13:56 | Queue | Archer |
| 13:56 | Queue | Archer |
| 14:52 | Build | Market |
| 15:25 | Queue | Villager (Male) |
| 15:26 | Queue | Villager (Male) |
| 15:26 | Queue | Villager (Male) |
| 15:26 | Queue | Villager (Male) |
| 15:38 | Build | Mining Camp |
| 16:06 | Build | Watch Tower |
| 16:51 | Queue | Villager (Male) |
| 16:51 | Queue | Villager (Male) |
| 16:51 | Queue | Villager (Male) |
Match timeline
| 8:55 | ParatyBrasil · first_building Barracks |
| 9:27 | Mašinec · age_up feudal |
| 10:35 | Mašinec · wall_segment Palisade Wall x1 |
| 10:38 | Mašinec · wall_segment Palisade Wall x1 |
| 10:42 | Mašinec · wall_segment Palisade Wall x1 |
| 10:46 | Mašinec · wall_segment Palisade Wall x1 |
| 10:50 | Mašinec · wall_segment Palisade Wall x1 |
| 11:53 | ParatyBrasil · age_up feudal |
| 12:39 | ParatyBrasil · first_building Archery Range |
| 13:36 | Mašinec · wall_segment Palisade Wall x1 |
| 15:53 | ParatyBrasil · first_market_sell 100 wood |
| 15:58 | ParatyBrasil · first_market_buy 100 stone |
| 18:15 | ParatyBrasil · resign |
[ AI ANALYSIS · 1 CREDIT ]
What really happened in this match?
Wolo.gg analyzes every decision: build order, eco, micro, common mistakes by bracket. Personalized analysis on WhatsApp or Discord in 30 seconds.
Civ guide
Teutons
Perfil
Jugador #6153106